 Dungeon Crawl Stone Soup version 0.18-a0-1220-g2dc6208 (webtiles) character file.

958 Psiweapon the Chucker (level 8, -1/79 HPs)
             Began as an Ogre Hunter on Feb 3, 2016.
             Was a Priest of Makhleb.
             Killed from afar by an orc wizard (8 damage)
             ... with a magic dart
             ... on level 5 of the Dungeon.
             The game lasted 00:16:37 (5182 turns).

Psiweapon the Chucker (Ogre Hunter)                 Turns: 5182, Time: 00:16:38

Health: -1/79      AC:  3    Str: 18    XL:     8   Next: 14%
Magic:  11/11      EV: 11    Int: 11    God:    Makhleb [***...]
Gold:   203        SH:  0    Dex: 11    Spells: 0 memorised, 7 levels left

rFire  . . .     SeeInvis .     a - +0 giant spiked club
rCold  . . .     Gourm    .     b - +0 robe
rNeg   . . .     Faith    .     (shield currently unavailable)
rPois  .         Spirit   .     (helmet restricted)
rElec  .         Dismiss  .     (no cloak)
rCorr  .         Reflect  .     (gloves unavailable)
SustAt .         Harm     .     (boots unavailable)
MR     .....                    (no amulet)
Stlth  ++........               (no ring)
                                (no ring)

@: not resistant to hostile enchantments, unstealthy
A: unfitting armour, tough skin 1
a: Minor Destruction, Lesser Servant of Makhleb, Renounce Religion


You were on level 5 of the Dungeon.
You worshipped Makhleb.
Makhleb was most pleased with you.
You were not hungry.

You visited 1 branch of the dungeon, and saw 6 of its levels.

You collected 203 gold pieces.

Inventory:

Hand Weapons
 a - a +0 giant spiked club (weapon)
 e - a +1 dagger of venom
 y - a +0 blowgun
Missiles
 d - 3 throwing nets
 k - 5 curare-tipped needles
 m - 7 tomahawks
 p - 47 sling bullets
 w - 55 stones
 C - 3 javelins (quivered)
Armour
 b - a +0 robe (worn)
Jewellery
 D - an uncursed ring of sustain attributes {unknown}
 G - an uncursed amulet of the gourmand {unknown}
Scrolls
 i - 3 scrolls of remove curse
 l - a scroll of fear {unknown}
 n - 7 scrolls of identify {unknown}
 q - 3 scrolls of amnesia {unknown}
 r - a scroll of teleportation {unknown}
 s - a scroll of recharging {unknown}
 t - a scroll of random uselessness {unknown}
 u - a scroll of enchant weapon {unknown}
 v - a scroll of magic mapping {unknown}
 B - a scroll of noise {unknown}
 F - a scroll of enchant armour {unknown}
Potions
 j - 2 potions of ambrosia {unknown}
 z - a potion of curing
 E - a potion of flight {unknown}
Books
 x - a book of Frost

   Spells                             Type                      Level
   a - Freeze                         Ice                          1
   b - Throw Frost                    Conjuration/Ice              2
   c - Ozocubu's Armour               Charms/Ice                   3
   d - Throw Icicle                   Conjuration/Ice              4
   e - Summon Ice Beast               Ice/Summoning                4
   f - Condensation Shield            Ice                          4
Comestibles
 f - a bread ration
 g - a slice of pizza
 h - 7 chunks of flesh
 o - 3 meat rations
 A - 2 fruits


   Skills:
 + Level 4.4 Fighting
 * Level 3.6 Maces & Flails
 + Level 5.8 Throwing
 + Level 4.4 Dodging
 + Level 2.1 Stealth
 * Level 4.8 Invocations


You had 7 spell levels left.
You didn't know any spells.

Dungeon Overview and Level Annotations

Branches:
Dungeon (6/15)
 Temple: D:4-7

Altars:
Ashenzari
Makhleb
Qazlal
Vehumet
Zin
The Shining One

Annotations:
D:5 exclusion: downstairs
D:6 Sigmund


Innate Abilities, Weirdness & Mutations

You are too large for most types of armour.
You have tough skin (AC +1).


Message History

You closely miss the orc wizard.
The orc wizard is moderately wounded.
The orc wizard casts a spell at you. The magic dart hits you!
* * * LOW HITPOINT WARNING * * *
The orc wizard hits you with a dagger.
* * * LOW HITPOINT WARNING * * *
You miss the orc wizard.
The orc wizard is moderately wounded.
The orc wizard casts a spell at you.
You easily resist.
The orc wizard barely misses you. The orc wizard hits you with a dagger.
* * * LOW HITPOINT WARNING * * *
You barely miss the orc wizard.
The orc wizard is moderately wounded.
The orc wizard hits you with a dagger.
* * * LOW HITPOINT WARNING * * *
The orc wizard gestures at you while chanting.
The magic dart hits you!
You die...

#.........# #.######
##.######### ##......#
#.....## #.......#
#..#...#########....(#.##)..
'....................)..'...
#......#########(.(....##...
#.##..## #.(..##.# #.....#
#o#### .# #####.# #@# # #.#
#.......# #+# #.# #.#######
#.# #.# #.# #.# #.# #.#
##.## #.# #.# ##...## #.#
#.# #.....# # #.# #.#
##...## #####.#
#.############.##


You could see an orc wizard.

Vanquished Creatures
  An ice beast (D:5)
  A phantom (D:4)
  2 ogres (D:5)
  A centaur (D:5)
  A centaur zombie (D:5)
  A crimson imp (D:5)
  A jelly (D:5)
  An orc priest (D:4)
  2 orc wizards (D:5)
  Jessica (D:3)
  A worker ant (D:4)
  An iguana (D:5)
  A hound skeleton (D:5)
  11 adders
  A shadow imp (D:5)
  4 oozes
  5 worms
  5 giant geckos
  9 orcs
  7 giant cockroaches
  7 hobgoblins
  11 jackals
  4 ball pythons
  6 bats
  3 giant gecko skeletons
  5 giant newts
  12 goblins
  A jackal skeleton (D:4)
  3 kobolds
  11 rats
120 creatures vanquished.

Notes
Turn   | Place    | Note
--------------------------------------------------------------
     0 | D:1      | Psiweapon the Ogre Hunter began the quest for the Orb.
     0 | D:1      | Reached XP level 1. HP: 22/22 MP: 1/1
   366 | D:1      | Reached XP level 2. HP: 25/29 MP: 2/2
   518 | D:2      | Reached XP level 3. HP: 34/37 MP: 3/3
   561 | D:2      | Found a shattered altar of Ashenzari.
   670 | D:4      | Found a burning altar of Makhleb.
   680 | D:4      | Reached skill level 5 in Throwing
   694 | D:4      | Became a worshipper of Makhleb the Destroyer
   701 | D:4      | Noticed a phantom
   807 | D:1      | Reached XP level 4. HP: 43/45 MP: 4/4
  1204 | D:4      | Reached * piety under Makhleb
  1248 | D:5      | Entered Level 5 of the Dungeon
  1715 | D:2      | Reached skill level 1 in Stealth
  1982 | D:2      | Reached XP level 5. HP: 50/53 MP: 5/5
  2375 | D:2      | Reached ** piety under Makhleb
  3000 | D:3      | Found a glowing golden altar of the Shining One.
  3090 | D:3      | Noticed Jessica
  3092 | D:3      | Killed Jessica
  3320 | D:3      | Reached skill level 1 in Invocations
  3384 | D:3      | Reached XP level 6. HP: 62/62 MP: 6/6
  3437 | D:3      | Found a stormy altar of Qazlal.
  3607 | D:4      | Reached skill level 1 in Maces & Flails
  3792 | D:4      | Found a glowing silver altar of Zin.
  3808 | D:4      | Killed a phantom
  3884 | D:6      | Noticed Sigmund
  4079 | D:5      | Reached *** piety under Makhleb
  4236 | D:5      | Reached XP level 7. HP: 49/70 MP: 9/9
  4483 | D:5      | Found a radiant altar of Vehumet.
  4891 | D:5      | Reached XP level 8. HP: 72/79 MP: 11/11
  5182 | D:5      | Killed from afar by an orc wizard

Vault maps used:
D:1:      dpeg_arrival_tiny_k, grunt_decor_arrowhead
D:2:      forest_paths, ashenzari_conservatory_becter
D:3:      tso_metal_star, overflow_temple_1_default, uniq_jessica
D:4:      zin_treasury, bloody_makhleb
D:5:      nicolae_overflow_crystal_walls, first_bread
D:6:      fedhas_altar_2, minmay_temple_entry_grid, kennysheep_doodads,
          kennysheep_nondescript, uniq_sigmund

Action                   |  1- 3 |  4- 6 |  7- 9 || total
-------------------------+-------+-------+-------++-------
Melee: Dagger            |    50 |   169 |       ||   219
       Short sword       |     3 |       |       ||     3
       Flail             |       |    34 |    46 ||    80
       Giant spiked club |       |       |    27 ||    27
Throw: Large rock        |     3 |     5 |     5 ||    13
       Javelin           |       |     4 |     7 ||    11
       Tomahawk          |       |     1 |     4 ||     5
Invok: Minor Destruction |       |    32 |    30 ||    62
  Use: Potion            |       |     2 |     1 ||     3
       Scroll            |       |     2 |       ||     2
 Stab: Sleeping          |       |     3 |       ||     3
  Eat: Chunk             |       |    11 |     3 ||    14
       Beef jerky        |       |       |     1 ||     1
